AoeStats
← beneath mariana

QS Arena

503207613Analyzed
4v4 RM · 1mo ago on Aug 30, 2026· 36m 20s· 8 players
Game mode
Random Map
Map size
Large (8 player)
Population
200
Speed
Normal
Resources
Standard
Victory
Conquest
Starting age
Dark Age
Ending age
Imperial Age
RankedLock teamsTeams togetherTeam positionsShared explorationLock speedFull tech treeHidden civsTurbo modeCheats
Victory
Defeat
🇪🇸 Sicilians · Spain
1483
+12
🇨🇳 Cumans · China
1444
+14
🇳🇴 Muisca · Norway
1429
+15
🇨🇳 Armenians · China
1396
+16
🇬🇧 Mapuche · United Kingdom
1500
-19
🇧🇷 Turks · Brazil
1374
-13
🇺🇸 Teutons · United States
1370
-13
🇫🇷 Huns · France
1367
-13
beneath mariana
6:32 Feudal Age
6:58 Double-Bit Axe
6:54 Horse Collar
7:12 Gold Mining
15:27 Castle Age
13:56 Man-at-Arms
15:22 Scale Mail Armor
15:35 Forging
15:23 Long Swordsman
17:14 Bow Saw
20:54 Wheelbarrow
22:57 Gold Shaft Mining
23:09 Two-Handed Swordsman
27:20 Imperial Age
24:36 Loom
24:38 Town Watch
25:01 Squires
24:50 Arson
25:23 Gambesons
25:55 Chain Mail Armor
26:46 Champion
29:33 Conscription
30:30 Fereters
32:18 Plate Mail Armor
33:38 Iron Casting
34:08 Fletching
35:37 Blast Furnace
34:29 Fletching
34:40 Padded Archer Armor
Aspirante
4:37 Loom
37:52 Feudal Age
Nordigard
9:03 Feudal Age
13:44 Castle Age
11:55 Double-Bit Axe
12:23 Horse Collar
15:55 Bow Saw
16:35 Fletching
17:35 Heavy Plow
20:31 Bodkin Arrow
21:01 Gold Mining
22:58 Padded Archer Armor
23:32 Ballistics
24:53 Herbalism
25:55 Leather Archer Armor
28:40 Imperial Age
26:00 Loom
27:51 Wheelbarrow
29:32 Gold Shaft Mining
29:37 Bracer
31:11 Two-Man Saw
30:45 Crop Rotation
32:26 Chemistry
31:37 Masonry
32:08 Elite Guecha Warrior
33:53 Hand Cart
35:01 Conscription
35:29 Treadmill Crane
35:11 Capped Ram
78088344
6:29 Feudal Age
7:39 Double-Bit Axe
7:35 Horse Collar
12:32 Wheelbarrow
17:55 Castle Age
16:14 Man-at-Arms
17:26 Scale Barding Armor
17:34 Bloodlines
18:44 Forging
18:56 Bow Saw
19:31 Heavy Plow
25:50 Chain Barding Armor
29:52 Imperial Age
27:10 Loom
29:44 Iron Casting
30:22 Elite Steppe Lancer
33:04 Blast Furnace
33:53 Plate Barding Armor
34:54 Ballistics
34:25 Fletching
36:09 Coinage
35:35 Bodkin Arrow
JN-
8:11 Feudal Age
12:09 Castle Age
10:18 Horse Collar
12:41 Double-Bit Axe
12:57 Heavy Plow
15:30 Wheelbarrow
17:29 Bow Saw
20:22 Fletching
21:39 Gold Mining
22:00 Stone Mining
22:38 Hand Cart
22:09 Loom
23:38 Stone Shaft Mining
22:44 Champi Runner
23:53 Scale Mail Armor
23:35 Champi Warrior
24:55 Chain Mail Armor
25:53 Ballistics
26:39 Coinage
25:59 Pikeman
27:22 Padded Archer Armor
27:18 Bodkin Arrow
27:34 Caravan
30:07 Imperial Age
27:23 Town Watch
27:58 Masonry
28:19 Forging
28:36 Malon
29:31 Leather Archer Armor
31:22 Ring Archer Armor
31:14 Conscription
32:14 Plate Mail Armor
31:34 Elite Champi Warrior
33:47 Iron Casting
33:11 Halberdier
35:26 Architecture
34:53 Arson
35:25 Murder Holes
36:31 Chemistry
36:23 Butalmapu
35:42 Elite Bolas Rider
Skilzz
6:54 Loom
9:27 Feudal Age
14:42 Castle Age
14:48 Scale Barding Armor
16:00 Double-Bit Axe
18:33 Horse Collar
21:42 Forging
22:13 Heavy Plow
23:52 Bloodlines
25:05 Chain Barding Armor
26:15 Iron Casting
36:34 Imperial Age
Danilo Solari
2:33 Loom
6:36 Feudal Age
SS_Tiozão
8:52 Feudal Age
8:28 Loom
10:08 Double-Bit Axe
12:35 Castle Age
21:53 Imperial Age
19:43 Gold Mining
21:44 Bow Saw
23:01 Gold Shaft Mining
22:31 Padded Archer Armor
24:48 Horse Collar
34:18 Leather Archer Armor
Connection lost

Rejoining the realm…

Still unreachable

The connection could not be restored.

Session expired

The server has moved on; the page needs a fresh start.